 Dungeon Crawl Stone Soup version 0.31.0-11-ge490571c62 (webtiles) character file.

Game seed: 8823925109028719917

1705 Gadfly the Insei (level 8, -4/61 HPs)
             Began as a Demonspawn Monk on Feb 5, 2024.
             Slain by an iguana (10 damage)
             ... on level 6 of the Dungeon.
             The game lasted 00:05:55 (4375 turns).

Gadfly the Insei (Demonspawn Monk)                  Turns: 4375, Time: 00:05:56

Health: -4/61      AC:  3    Str: 19    XL:     8   Next: 73%
Magic:  8/8        EV: 16    Int: 12    God:
Gold:   313        SH:  5    Dex: 15    Spells: 7/7 levels left

rFire   . .          .
                       - Unarmed
rCold   . . .        (no shield)
rNeg    . . .        a - +1 robe
rPois   .            (no helmet)
rElec   .            (no cloak)
rCorr   .            (no gloves)
SInv    .            (no boots)
Will    .....        e - amulet of reflection
Stlth   +            h - +4 ring of slaying
HPRegen 0.30/turn    o - +6 ring of strength
MPRegen 0.11/turn

%: reflection
@: lethally poisoned (-4 -> -4)
A: hooves 1, repulsion field 1, ignite blood 1, spiny 1
a: no special abilities


You were on level 6 of the Dungeon.
You visited 2 branches of the dungeon, and saw 7 of its levels.

You collected 313 gold pieces.

Inventory:

Hand Weapons
 b - a +0 dagger of venom
 g - a +1 long sword
 q - a +1 flail of protection
Armour
 a - a +1 robe (worn)
 c - an orb of light
Jewellery
 e - an amulet of reflection (around neck)
 h - a +4 ring of slaying (left hand)
 j - a +4 ring of protection
 o - a +6 ring of strength (right hand)
 u - a +6 ring of dexterity
Wands
 f - a wand of light (8)
 k - a wand of charming (7)
 m - a wand of flame (18) (quivered)
Scrolls
 t - a scroll of fog
Potions
 d - a potion of might
 i - 2 potions of cancellation
 n - 2 potions of attraction
 s - a potion of lignification


   Skills:
 * Level 4.5 Fighting
 + Level 4.7 Dodging
 * Level 6.0 Unarmed Combat
 - Level 4.6 Evocations
 * Level 4.8 Shapeshifting


You had 7 spell levels left.
You didn't know any spells.
Your spell library contained the following spells:

 Spells                   Type           Power      Damage    Failure   Level
 Magic Dart               Conj           0%         1d3       32%         1
 Searing Ray              Conj           0%         2d4       45%         2
 Fulminant Prism          Conj/Alch      0%         3d5       97%         4


Dungeon Overview and Level Annotations

Branches:
Dungeon (6/15)             Temple (1/1) D:4

Altars:
Ashenzari
Fedhas
Kikubaaqudgha
Makhleb
Nemelex Xobeh
Sif Muna
Trog
Uskayaw
Vehumet
Wu Jian


Innate Abilities, Weirdness & Mutations

You have large cloven feet.
You are surrounded by a mild repulsion field. (EV +2)
Your demonic aura sometimes causes spilled blood to erupt in flames.
You are partially covered in sharp spines.


Message History

An adder comes into view.
The adder moves out of view.
An adder is nearby!
An adder is nearby!
An iguana comes into view.
The iguana hisses angrily.
The iguana moves out of view.
You closely miss the adder. You kick the adder.
The adder is moderately wounded.
The adder bites you.
You are poisoned.
The adder poisons you!
You barely miss the adder. Your kick misses the adder.
The adder is moderately wounded.
You feel sick. You block the adder's attack.
You are too injured to fight recklessly!
You are too injured to fight recklessly!
You are too injured to fight recklessly!
You are too injured to fight recklessly!
You are too injured to fight recklessly!
You are too injured to fight recklessly!
There are monsters nearby!
There are monsters nearby!
You are too injured to fight recklessly!
Unknown command.
You punch the adder!
You kill the adder!
You feel sick.
You feel sick. The iguana bites you!
* * * LOW HITPOINT WARNING * * *
You are too injured to fight recklessly!
You feel sick. The iguana is struck by your spines. The iguana bites you.
* * * LOW HITPOINT WARNING * * *
You closely miss the iguana.
The iguana is lightly wounded.
You feel sick.
You barely miss the iguana. You kick the iguana.
The iguana is heavily wounded.
You feel sick. The iguana is struck by your spines. The iguana bites you!
You die...

### ...# ## #####....# ..
##))......# .#
##..###....# #####.# #..##
#### #...#.###.@#
#####...##..l#####
###......##..#.....####
##...###......:...)....#
##..####..##...###.))##..#
#..#####.###.#.# #.#.#
.........# #...# #..)###.#
########.. .###?..###))..#
#. #. #.#O #)#..#


You could see an iguana.

Vanquished Creatures
  Menkaure (D:5)
  2 water moccasins (D:5)
  An ice beast (D:6)
  An ogre (D:6)
  A centaur (D:6)
  A kobold brigand (D:6)
  A phantom (D:5)
  A gnoll sergeant (D:6)
  4 scorpions
  3 bombardier beetles
  A howler monkey (D:6)
  3 hounds
  3 jellies
  Natasha (thrice) (D:3)
  An iguana (D:6)
  8 gnolls
  7 adders
  An ufetubus (D:6)
  4 ribbon worms
  4 dart slugs
  10 orcs
  15 ball pythons
  4 bats
  6 endoplasms
  3 giant cockroaches
  3 goblins
  8 hobgoblins
  3 jackals (D:4)
  15 kobolds
  6 quokkas
  A rat (D:2)
125 creatures vanquished.

Notes
Turn   | Place    | Note
-------+----------+-------------------------------------------
     0 | D:1      | Gadfly the Demonspawn Monk began the quest for the Orb.
     0 | D:1      | Reached XP level 1. HP: 18/18 MP: 1/1
   235 | D:1      | Found a faded altar of an unknown god.
   304 | D:1      | Gained mutation: You have large cloven feet. [demonic
                  | ancestry]
   304 | D:1      | Reached XP level 2. HP: 20/24 MP: 2/2
   401 | D:1      | Reached skill level 1 in Evocations
   443 | D:1      | Reached skill level 3 in Unarmed Combat
   653 | D:1      | Reached skill level 1 in Shapeshifting
   666 | D:1      | Reached XP level 3. HP: 28/29 MP: 3/3
  1861 | D:3      | Gained mutation: You are partially covered in sharp spines.
                  | [demonic ancestry]
  1861 | D:3      | Reached XP level 4. HP: 32/35 MP: 4/4
  2108 | D:3      | Found a bloodstained altar of Trog.
  2122 | D:3      | Noticed Natasha
  2130 | D:3      | Killed Natasha
  2131 | D:3      | Reached XP level 5. HP: 41/41 MP: 5/5
  2260 | D:3      | Noticed Natasha
  2269 | D:3      | Killed Natasha
  2324 | D:3      | Noticed Natasha
  2330 | D:3      | Killed Natasha
  2688 | D:4      | Reached skill level 4 in Unarmed Combat
  2688 | D:4      | Gained mutation: You are surrounded by a mild repulsion
                  | field. (EV +2) [demonic ancestry]
  2688 | D:4      | Reached XP level 6. HP: 44/47 MP: 6/6
  2811 | D:4      | Found a staircase to the Ecumenical Temple.
  2891 | Temple   | Entered the Ecumenical Temple
  3329 | D:5      | Entered Level 5 of the Dungeon
  3342 | D:5      | Gained mutation: Your demonic aura sometimes causes spilled
                  | blood to erupt in flames. [demonic ancestry]
  3342 | D:5      | Reached XP level 7. HP: 44/52 MP: 7/7
  3449 | D:5      | Noticed Menkaure
  3455 | D:5      | Killed Menkaure
  3570 | D:5      | Reached skill level 5 in Unarmed Combat
  3879 | D:5      | Reached XP level 8. HP: 48/58 MP: 8/8
  4320 | D:6      | Reached skill level 6 in Unarmed Combat
  4375 | D:6      | Slain by an iguana

Illustrated notes

Levels and vault maps discovered:
D:1:      reono_arrival_forest_river, layout_basic,
          shapermc_ecumenical_altar_ellora, minmay_hedge_maze,
          minmay_octomino_e4
D:2:      layout_loops_ring, minmay_misc_feat_chi
D:3:      minmay_spotlight, layout_basic, lemuel_doored_altar,
          chequers_serial_rivers_room_a, minmay_misc_feat_iff, uniq_natasha
D:4:      dreamdust_elfheim, layout_rooms, mainiacjoe_overflow_alcove_2,
          temple_pool_b
D:5:      layout_rooms, uniq_menkaure
D:6:      layout_rooms, nicolae_overflow_hidden_temple, minmay_starry_boxes
Temple:   eino_wide_crystal_templ

Skill      XL: |  1  2  3  4  5  6  7  8 |
---------------+-------------------------+-----
Evocations     | 1 2 3 4 |  4.6
Unarmed Combat | 3 4 5 6 |  6.0
Shapeshifting  | 1 2 3 4 |  4.8
Dodging        | 3 4 |  4.7
Fighting       | 4 |  4.5

Action                     |  1- 3 |  4- 6 |  7- 9 || total
---------------------------+-------+-------+-------++-------
  Melee: Unarmed           |    89 |    89 |    85 ||   263
         Kick              |    23 |    27 |    33 ||    83
         Punch             |       |       |     2 ||     2
    Use: Scroll            |     5 |     2 |     5 ||    12
         Potion            |       |     2 |     3 ||     5
   Stab: Distracted        |     1 |       |       ||     1
 Armour: Robe              |    23 |    59 |    31 ||   113
  Dodge: Dodged            |    43 |    60 |    55 ||   158
  Block: Other             |       |       |    15 ||    15
         Reflection        |       |       |     1 ||     1
